 Seeded DCSS version 0.31-a0-557-g6e16503903 (webtiles) character file.

Game seed: 16161720884980326079 (custom seed)

7 innerfire43 the Trooper (level 1, -3/20 HPs)
             Began as a Minotaur Monk on Aug 16, 2023.
             Slain by a kobold
             ... wielding a +0 whip
              (4 damage)
             ... on level 1 of the Dungeon.
             The game lasted 00:00:21 (121 turns).

innerfire43 the Trooper (Minotaur Monk)              Turns: 121, Time: 00:00:21

Health: -3/20      AC:  2    Str: 15    XL:     1   Next: 91%
Magic:  0/0        EV: 13    Int:  7    God:
Gold:   25         SH:  0    Dex: 12    Spells: 0/0 levels left

rFire   . . .        a - +0 mace
rCold   . . .        d - orb {light}
rNeg    . . .        b - +0 robe
rPois   .            (helmet restricted)
rElec   .            (no cloak)
rCorr   .            (no gloves)
SInv    .            (no boots)
Will    .....        (no amulet)
Stlth   +            (no ring)
HPRegen 0.23/turn    (no ring)
MPRegen 0.07/turn

%: no passive effects
@: glowing
A: horns 2, retaliatory headbutt
a: no special abilities


You were on level 1 of the Dungeon.
You visited 1 branch of the dungeon, and saw 1 of its levels.

You collected 25 gold pieces.

Inventory:

Hand Weapons
 a - a +0 mace (weapon)
Armour
 b - a +0 robe (worn)
 d - an orb of light (worn)
Scrolls
 e - a scroll of brand weapon {unknown}
Potions
 c - a potion of ambrosia
 f - a potion of heal wounds {unknown}


   Skills:
 + Level 3.8 Fighting
 + Level 3.8 Maces & Flails
 + Level 0.8 Armour
 + Level 3.4 Dodging


You couldn't memorise any spells.
You didn't know any spells.
Your spell library was empty.

Dungeon Overview and Level Annotations

Branches:
Dungeon (1/15)

Altars:


Innate Abilities, Weirdness & Mutations

You have a pair of horns on your head.
You reflexively headbutt those who attack you in melee.


Message History

A dart slug comes into view.
The dart slug launches a dart at you. The slug dart hits you.
No reachable target in view!
No reachable target in view!
A dart slug is nearby!
The dart slug launches a dart at you. The slug dart hits you.
You see here a +0 helmet.
The dart slug briefly extends its eye-stalks.
The dart slug launches a dart at you. The slug dart hits you.
You see here a +0 helmet.
No reachable target in view!
A dart slug is nearby!
No reachable target in view!
A dart slug is nearby!
Found a scroll labelled MIGUWK SAOTZ.
A kobold comes into view. It is wielding a +0 whip.
The kobold shouts!
The kobold throws a stone.
The stone barely misses you. The dart slug launches a dart at you.
The slug dart hits you.
The kobold throws a stone.
The stone barely misses you. The dart slug bites you.
You hit the dart slug.
The dart slug is moderately wounded.
The dart slug misses you.
You hit the dart slug. You headbutt the dart slug.
You kill the dart slug!
You barely miss the kobold. The kobold closely misses you.
You barely miss the kobold. The kobold barely misses you.
You barely miss the kobold. The kobold hits you with a +0 whip.
* * * LOW HITPOINT WARNING * * *
You closely miss the kobold. The kobold barely misses you.
You barely miss the kobold. Your headbutt misses the kobold.
The kobold hits you with a +0 whip.
* * * LOW HITPOINT WARNING * * *
The kobold hits you with a +0 whip.
You die...

.######..............
.....................#
.##..##.......##.##..#
.....##......#.≈.≈.#. #
...#.....[..#.§§.≈..#.##
......#....#≈≈§≈§§≈≈≈#.#
###.......#..§§≈§≈.≈..#
..........#...§§§≈≈...#
#######...#...§≈@≈≈...#
#....#...≈.≈K≈.§.#
#..#.#..§.≈.≈.≈§.#
......#≈.≈...≈.≈#.#
.?...##..≈....§≈..## ..
.# .^#.#.....#..# ##
##..#.#####...# ##.#.
...# #... ..


You could see a kobold.

Vanquished Creatures
  A dart slug (D:1)
  An endoplasm (D:1)
  A kobold (D:1)
  A quokka (D:1)
  A frilled lizard (D:1)
5 creatures vanquished.

Notes
Turn   | Place    | Note
-------+----------+-------------------------------------------
     0 | D:1      | innerfire43 the Minotaur Monk began the quest for the Orb.
     0 | D:1      | Reached XP level 1. HP: 19/19 MP: 0/0
    92 | D:1      | Found a faded altar of an unknown god.
   121 | D:1      | HP: 1/20 [kobold/+0 whip (5)]
   121 | D:1      | Slain by a kobold

Illustrated notes

Levels and vault maps discovered:
D:1:      nzn_arrival_settlement, layout_rooms,
          shapermc_ecumenical_altar_starsandcircs

Action                     || total
---------------------------++-------
  Melee: Mace              ||    14
         Headbutt          ||     2
 Armour: Robe              ||     2
  Dodge: Dodged            ||    11

Table legend: (Time is in decaauts)
 A = Elapsed time spent in this place.
 B = Non-inter-level travel time spent in this place.
 C = Inter-level travel time spent in this place.
 D = Time resting spent in this place.
 E = Time spent auto-exploring this place.
 F = Levels seen in this place.
 G = Mean time per level.
                   A        B        C        D        E       F      G
               +--------+--------+--------+--------+--------+-----+--------+
         Total |    123 |    123 |      0 |      0 |     75 |   1 |  123.0 |
       Dungeon |    123 |    123 |      0 |      0 |     75 |   1 |  123.0 |
               +--------+--------+--------+--------+--------+-----+--------+

Top non-repeatable levels by time:
     D:1: 123 daAuts
